 Dungeon Crawl Stone Soup version 0.17.0-23-g0de4337 (webtiles) character file.

43252 Avanven the Brawler (level 13, -4/121 HPs)
             Began as a Troll Chaos Knight on Nov 14, 2015.
             Slain by a polar bear (16 damage)
             ... on level 7 of the Lair of Beasts.
             The game lasted 01:02:22 (15672 turns).

Avanven the Brawler (Troll Chaos Knight)           Turns: 15672, Time: 01:02:22

Health: -4/121     AC: 23    Str: 38    XL:     13   Next: 89%
Magic:  12/12      EV: 12    Int:  8    God:    Xom [..*...]
Gold:   1115       SH:  0    Dex:  6    Spells: 0 memorised, 12 levels left

rFire  + + .     SeeInvis +       - Unarmed
rCold  x . .     Clarity  +     u - +5 fire dragon armour of Least Resistance {rF++ rC- rN+ rCorr Str+4 Dex-3}
rNeg   + + .     SustAt   +     (no shield)
rPois  .         Gourm    +     s - +0 mask of the Dragon {MR+ Slay+3 SInv}
rElec  .         Spirit   .     d - +0 cloak
rCorr  +         Warding  .     (gloves unavailable)
rMut   .         Stasis   .     (boots unavailable)
MR     +....                    (no amulet)
Stlth  ..........               o - ring of positive energy
                                p - ring of sustain attributes

@: mighty, lethally poisoned (-4 -> -6), invisible, somewhat resistant to
hostile enchantments, extremely unstealthy
A: unfitting armour, antennae 1, claws 3, repulsion field 1, thin metallic
scales 1, yellow scales 1, clarity, fast metabolism 3, gourmand, regeneration 3,
robust 1, screaming 1, shaggy fur 1, strong 1, tough skin 2
a: Renounce Religion


You were on level 7 of the Lair of Beasts.
You worshipped Xom.
You were a toy of Xom.
You were very full.

You visited 3 branches of the dungeon, and saw 20 of its levels.
You also visited: Labyrinth.

You collected 1582 gold pieces.
You spent 467 gold pieces at shops.

Inventory:

Missiles
 y - a large rock (quivered)
Armour
 d - a +0 cloak (worn)
 s - the +0 mask of the Dragon (worn) {MR+ Slay+3 SInv}
   (You bought it in a shop on level 11 of the Dungeon)

   It affects your accuracy and damage with ranged weapons and melee attacks
   (+3).
   It affects your resistance to hostile enchantments.
   It lets you see invisible.
 u - the +5 fire dragon armour of Least Resistance (worn) {rF++ rC- rN+ rCorr Str+4 Dex-3}
   (You found it on level 6 of the Lair of Beasts)

   It affects your strength (+4).
   It affects your dexterity (-3).
   It greatly protects you from fire.
   It makes you vulnerable to cold.
   It protects you from negative energy.
   It protects you from acid and corrosion.
 G - a mottled dragon hide
 V - the +4 robe of the Gate {rC- rCorr Dex+2}
   (You found it in a labyrinth)

   It affects your dexterity (+2).
   It makes you vulnerable to cold.
   It protects you from acid and corrosion.
 Y - the +1 robe "Zoikitu" {Str+4}
   (You found it on level 3 of the Lair of Beasts)

   It affects your strength (+4).
Jewellery
 a - a +3 ring of protection
 o - a ring of positive energy (right claw)
 p - a ring of sustain attributes (left claw)
 q - an uncursed ring of flight
 J - an uncursed ring of fire
 M - an uncursed ring of see invisible
Wands
 i - a wand of confusion (13)
 l - a wand of invisibility (4)
 t - a wand of frost (24)
 w - a wand of cold (9)
 D - a wand of paralysis (15)
 L - a wand of frost (19)
 O - a wand of polymorph (13)
 S - a wand of fire (3)
 W - a wand of heal wounds (5)
 X - a wand of digging (14)
Scrolls
 c - 3 scrolls of amnesia
 e - 4 scrolls of recharging
 f - 6 scrolls of teleportation
 g - 8 scrolls of identify
 j - 6 scrolls of fog
 R - 2 scrolls of remove curse
Potions
 m - 2 potions of cancellation
 n - 9 potions of curing
 x - 3 potions of might
 z - 2 potions of resistance
 H - a potion of agility
 I - 3 potions of haste
 K - a potion of lignification
 N - a potion of magic
 Q - a potion of flight
Books
 v - Lee's Volume of Earth
   (You found it in a labyrinth)

   Spells                             Type                      Level
   a - Sandblast                      Earth                        1
   b - Stoneskin                      Transmutation/Earth          2
   c - Stone Arrow                    Conjuration/Earth            3
   d - Petrify                        Transmutation/Earth          4
   e - Bolt of Magma                  Conjuration/Fire/Earth       5
   f - Iron Shot                      Conjuration/Earth            6
   g - Statue Form                    Transmutation/Earth          6
   h - Shatter                        Earth                        9
 B - a book of Spatial Translocations

   Spells                             Type                      Level
   a - Apportation                    Translocation                1
   b - Blink                          Translocation                2
   c - Shroud of Golubria             Charms/Translocation         2
   d - Portal Projectile              Translocation                3
   e - Teleport Other                 Translocation                3
   f - Passage of Golubria            Translocation                4
 C - a book of Conjurations

   Spells                             Type                      Level
   a - Magic Dart                     Conjuration                  1
   b - Searing Ray                    Conjuration                  2
   c - Dazzling Spray                 Conjuration/Hexes            3
   d - Fulminant Prism                Conjuration/Hexes            4
   e - Iskenderun's Mystic Blast      Conjuration                  4
   f - Iskenderun's Battlesphere      Conjuration/Charms           5
 P - a Grand Grimoire

   Spells                             Type                      Level
   a - Monstrous Menagerie            Summoning                    6
   b - Summon Greater Demon           Summoning                    7
   c - Malign Gateway                 Summoning/Translocation      7
   d - Summon Horrible Things         Summoning                    8
 T - the Collected Works on the Unstable Arsonist
   (You found it in a labyrinth)

   Spells                             Type                      Level
   a - Spider Form                    Transmutation/Poison         3
   b - Sticky Flame                   Conjuration/Fire             4
   c - Bolt of Magma                  Conjuration/Fire/Earth       5
   d - Blade Hands                    Transmutation                5
   e - Bolt of Fire                   Conjuration/Fire             6
   f - Statue Form                    Transmutation/Earth          6
   g - Ring of Flames                 Charms/Fire                  7
   h - Dragon Form                    Transmutation                7
 U - a book of Fire

   Spells                             Type                      Level
   a - Ignite Poison                  Fire/Transmutation/Poison    3
   b - Fireball                       Conjuration/Fire             5
   c - Bolt of Fire                   Conjuration/Fire             6
   d - Delayed Fireball               Conjuration/Fire             7
   e - Ring of Flames                 Charms/Fire                  7
Comestibles
 b - 12 bread rations
 h - 5 fruits
 k - 11 meat rations
 r - 21 royal jellies
 A - 9 beef jerkies
 E - 3 slices of pizza
 Z - 6 chunks of flesh


   Skills:
 - Level 2.4 Fighting
 + Level 6.7 Armour
 + Level 7.2 Dodging
 - Level 20.1 Unarmed Combat


You had 12 spell levels left.
You didn't know any spells.

Dungeon Overview and Level Annotations

Branches:
Dungeon (12/15)            Temple (1/1) D:4            Lair (7/8) D:11
  Swamp (0/4) Lair:5        Snake (0/4) Lair:5          Orc (0/4) D:12
  Slime: Lair:6-8

Altars:
Ashenzari
Cheibriados
Dithmenos
Elyvilon
Fedhas
Gozag
Kikubaaqudgha
Makhleb
Nemelex Xobeh
Okawaru
Qazlal
Ru
Sif Muna
Trog
Vehumet
Xom
Yredelemnul
Zin
The Shining One

Shops:
D:11 =?%:*

Annotations:
D:12 exclusion: obsidian statue
Lair:5 exclusion: oklob plant
Lair:6 exclusion: oklob plant


Innate Abilities, Weirdness & Mutations

You are too large for most types of armour.
You have claws for hands.
Your metabolism is lightning-fast.
You like to eat raw meat.
You regenerate.
You are covered in fur (AC +1).
You have very tough skin (AC +2).
You have a pair of small antennae on your head.
You are surrounded by a mild repulsion field (EV +2).
You are partially covered in thin metallic scales (AC +2).
You are partially covered in yellow scales (AC +2).
You possess an exceptional clarity of mind.
You are robust (+10% HP).
You occasionally shout uncontrollably at your foes.
Your muscles are strong. (Str +2)


Message History

You are too injured to fight recklessly!
Unknown command.
Drink which item? (? for menu, Esc to quit)
You feel very mighty all of a sudden.
You feel sick. The yak gores you!
* * * LOW HITPOINT WARNING * * *
The polar bear goes berserk!
Xom thinks this is hilarious!
You closely miss the polar bear.
The polar bear is severely wounded.
You feel sick. The yak gores you but does no damage. The polar bear bites you!
* * * LOW HITPOINT WARNING * * *
The polar bear claws you but does no damage.
The polar bear barely misses you.
Read which item? (? for menu, Esc to quit)
Okay, then.
Drink which item? (? for menu, Esc to quit)
You fade into invisibility!
You feel sick. The polar bear bites you!
You die...

......... .........
.........PP. ........#
........P.P ........#
P.....P..P# #
........###....P....###.
.......................#
......hY................
.......@................
$.....†.................
........................
........................
###.....................
##P...................
##.....................
...#...................
.......................


You could see a polar bear (berserk) and a yak.

Vanquished Creatures
  Maud (Lair:5)
  A minotaur (Lab)
  Josephine (D:11)
  The ghost of flt the Cleaver, a journeyman HOFi of Beogh (D:11)
  3 hydras
  The ghost of Vex the Blocker, a novice MiFi of Okawaru (D:9)
  The ghost of bezhaha the Sneak, a novice OpSk of Ashenzari (D:7)
  A necromancer (Lair:4)
  3 hill giants
  3 ugly things (D:12)
  2 cyclopes (D:12)
  6 elephants (Lair:4)
  Maurice (D:9)
  13 spiny frogs
  4 black mambas
  Psyche (D:8)
  A fire drake (Lair:2)
  4 komodo dragons
  A freezing wraith (D:12)
  3 blink frogs (Lair:3)
  2 trolls
  2 trapdoor spiders
  3 wraiths (D:11)
  46 yaks
  4 basilisks
  A mottled dragon (D:11)
  Eustachio (D:4)
  A wyvern (D:12)
  3 hungry ghosts
  2 hippogriffs
  A steam dragon (D:9)
  A golden eye (Lair:2)
  3 wargs (D:12)
  2 nagas (Lair:5)
  A soldier ant (D:11)
  4 insubstantial wisps (Lair:5)
  5 wolves (Lair:3)
  6 water moccasins
  Duvessa (D:6)
  2 sky beasts
  2 black bears
  2 wasps (D:8)
  7 orc warriors
  8 porcupines
  4 ice beasts
  3 centaurs
  13 crocodiles
  A necrophage (D:12)
  6 ogres
  A big kobold (D:11)
  19 giant frogs
  Dowan (D:6)
  2 scorpions
  16 killer bees
  13 wights (D:6)
  3 quasits
  9 orc priests
  6 crimson imps
  12 hounds
  2 jellies
  A giant frog skeleton (D:12)
  7 orc wizards
  3 polar bear simulacra (Lair:4)
  7 iguanas
  3 wolf simulacra (Lair:4)
  5 worker ants
  3 yak simulacra (Lair:4)
  18 sheep
  A hound zombie (D:6)
  A hound skeleton (D:11)
  Robin (D:2)
  5 adders
  A worker ant zombie (D:6)
  5 gnolls
  69 river rats
  2 shadow imps
  2 oozes
  2 adder zombies
  3 worms
  5 giant geckos
  27 orcs
  2 bats
  3 giant cockroaches
  12 hobgoblins
  9 jackals
  4 quokkas
  2 ball pythons (D:1)
  3 giant newts
  12 goblins
  10 kobolds
  A quokka skeleton (D:4)
  4 rats
  2 river rat simulacra (Lair:4)
508 creatures vanquished.

Vanquished Creatures (collateral kills)
  13 killer bees (D:9)
13 creatures vanquished.

Vanquished Creatures (others)
  A hydra (Lair:5)
  A queen bee (D:9)
  A blink frog (shapeshifter) (D:12)
  A yak (D:10)
  A porcupine (Lair:4)
  A sky beast (D:8)
  An ogre (D:8)
  2 killer bees (D:9)
  A bush (D:11)
  2 fungi
  11 plants
  14 toadstools (Lair:6)
37 creatures vanquished.

Grand Total: 558 creatures vanquished

Notes
Turn   | Place    | Note
--------------------------------------------------------------
     0 | D:1      | Avanven the Troll Chaos Knight began the quest for the Orb.
     0 | D:1      | Reached XP level 1. HP: 22/22 MP: 0/0
   312 | D:1      | Reached XP level 2. HP: 29/29 MP: 1/1
   406 | D:1      | Reached skill level 4 in Unarmed Combat
   512 | D:1      | Reached XP level 3. HP: 36/36 MP: 2/2
   676 | D:2      | XOM is BORED!
   676 | D:2      | XOM: harmless Ice miscast
   696 | D:2      | XOM: divination: detect creatures
   734 | D:2      | Noticed Robin
   747 | D:2      | Killed Robin
   870 | D:2      | XOM: mild Trmt miscast
   943 | D:2      | Found a faded altar to an unknown god.
  1246 | D:2      | Found a deep blue altar of Sif Muna.
  1247 | D:2      | Gained mutation: You are partially covered in thin metallic scales (AC +2). [potion of mutation]
  1247 | D:2      | Gained mutation: You have a pair of small antennae on your head. [potion of mutation]
  1247 | D:2      | Gained mutation: You occasionally shout uncontrollably at your foes. [potion of mutation]
  1274 | D:3      | XOM: noise
  1275 | D:3      | Found a sacrificial altar of Ru.
  1275 | D:3      | Found a snail-covered altar of Cheibriados.
  1332 | D:3      | XOM: harmless Necr miscast
  1372 | D:3      | Reached XP level 4. HP: 44/44 MP: 3/3
  1407 | D:3      | XOM: potion effect (berserk rage)
  1413 | D:3      | Reached skill level 5 in Unarmed Combat
  1530 | D:3      | XOM: divination: detect creatures
  1878 | D:3      | Found a stormy altar of Qazlal.
  1881 | D:3      | XOM: cast spell 'Beastly Appendage'
  2129 | D:4      | XOM: potion effect (berserk rage)
  2154 | D:4      | Reached XP level 5. HP: 50/50 MP: 4/4
  2190 | D:4      | Reached skill level 6 in Unarmed Combat
  2301 | D:4      | Noticed Eustachio
  2302 | D:4      | XOM: potion effect (haste)
  2303 | D:4      | Noticed an ogre
  2303 | D:4      | XOM: potion effect (agility)
  2306 | D:4      | XOM: potion effect (berserk rage)
  2313 | D:4      | Killed Eustachio
  2313 | D:4      | Reached skill level 7 in Unarmed Combat
  2313 | D:4      | Reached XP level 6. HP: 59/59 MP: 5/5
  2315 | D:4      | Killed an ogre
  2383 | D:4      | XOM: potion effect (brilliance)
  2486 | D:4      | Found a staircase to the Ecumenical Temple.
  2495 | Temple   | Entered the Ecumenical Temple
  2650 | D:4      | XOM: divination: detect creatures
  2712 | D:4      | Found a sparkling altar of Nemelex Xobeh.
  2808 | D:5      | Entered Level 5 of the Dungeon
  2849 | D:5      | Reached skill level 8 in Unarmed Combat
  2849 | D:5      | Reached XP level 7. HP: 64/66 MP: 6/6
  2892 | D:5      | XOM: potion effect (might)
  2959 | D:5      | XOM: colour smoke trail
  3140 | D:5      | Reached skill level 9 in Unarmed Combat
  3262 | D:5      | XOM: silly message
  3402 | D:5      | XOM: divination: magic mapping
  3555 | D:5      | Found a shattered altar of Ashenzari.
  3655 | D:5      | XOM: 3-stop teleportation journey
  3676 | D:5      | XOM: give mutations
  3676 | D:5      | Gained mutation: Your muscles are strong. (Str +2) [Xom's grace]
  3676 | D:5      | Gained mutation: You are surrounded by a mild repulsion field (EV +2). [Xom's grace]
  3676 | D:5      | Gained mutation: You are partially covered in yellow scales (AC +2). [Xom's grace]
  3681 | D:5      | Reached XP level 8. HP: 41/74 MP: 7/7
  3687 | D:5      | Gained mutation: You possess an exceptional clarity of mind. [mutagenic meat]
  3734 | D:5      | Found a white marble altar of Elyvilon.
  3734 | D:5      | Found a glowing silver altar of Zin.
  3737 | D:5      | Found a glowing golden altar of the Shining One.
  3841 | D:6      | Reached skill level 10 in Unarmed Combat
  3854 | D:6      | XOM: potion effect (invisibility)
  3872 | D:6      | XOM: potion effect (might)
  3940 | D:6      | XOM: summons friendly crimson imp
  3941 | D:6      | Reached skill level 11 in Unarmed Combat
  4094 | D:6      | Noticed Dowan
  4094 | D:6      | XOM: potion effect (experience)
  4094 | D:6      | Reached skill level 15 in Unarmed Combat
  4094 | D:6      | Reached XP level 9. HP: 80/80 MP: 8/8
  4095 | D:6      | Noticed Duvessa
  4109 | D:6      | Killed Duvessa
  4111 | D:6      | XOM: confuse monster(s)
  4118 | D:6      | Killed Dowan
  4210 | D:6      | XOM: divination: magic mapping
  4261 | D:6      | XOM: swap monsters
  4376 | D:6      | Reached XP level 10. HP: 88/88 MP: 9/9
  4498 | D:6      | Found an iron altar of Okawaru.
  4674 | D:7      | Found an ancient bone altar of Kikubaaqudgha.
  4675 | D:7      | Found a blossoming altar of Fedhas.
  4770 | D:7      | XOM: god gift: meat ration
  5070 | D:7      | Noticed bezhaha's ghost (novice OpSk)
  5073 | D:7      | XOM: fog
  5086 | D:7      | XOM: divination: detect creatures
  5087 | D:7      | Killed bezhaha's ghost
  5346 | D:8      | Reached skill level 16 in Unarmed Combat
  5385 | D:8      | Found a shadowy altar of Dithmenos.
  5430 | D:8      | Found a burning altar of Makhleb.
  5431 | D:8      | Found a bloodstained altar of Trog.
  5567 | D:8      | XOM: medium Summ miscast
  5895 | D:8      | Noticed Psyche
  5903 | D:8      | Killed Psyche
  5979 | D:9      | Noticed Vex's ghost (novice MiFi)
  5991 | D:9      | Killed Vex's ghost
  6148 | D:9      | XOM: cast spell 'Death Channel'
  6166 | D:9      | XOM: divination: detect creatures
  6169 | D:9      | XOM: confuse monster(s)
  6176 | D:9      | XOM: medium Air miscast
  6448 | D:9      | Noticed Maurice
  6449 | D:9      | XOM: cast spell 'Beastly Appendage'
  6451 | D:9      | XOM: noise
  6453 | D:9      | Killed Maurice
  6453 | D:9      | Reached skill level 17 in Unarmed Combat
  6453 | D:9      | Reached XP level 11. HP: 87/94 MP: 10/10
  6672 | D:10     | Entered Level 10 of the Dungeon
  6698 | D:10     | Noticed a hill giant
  6706 | D:10     | Killed a hill giant
  6848 | D:10     | XOM: enchant monster (good)
  6849 | D:10     | XOM: divine lightning (protected)
  7015 | D:10     | XOM: 1-stop teleportation journey
  7078 | D:10     | XOM: vitrification
  7202 | D:10     | XOM: mild Necr miscast
  7378 | D:11     | Noticed flt's ghost (journeyman HOFi)
  7379 | D:11     | Found Caycoone's Jewellery Boutique.
  7379 | D:11     | XOM: 2-stop teleportation journey
  7383 | D:11     | XOM: vitrification
  7383 | D:11     | Found a shadowy altar of Dithmenos.
  7479 | D:11     | Found Pehogo's Magic Scroll Boutique.
  7499 | D:11     | Found Ecoaraim's General Store.
  7499 | D:11     | XOM: 3-stop teleportation journey
  7512 | D:11     | XOM: give mutations
  7512 | D:11     | Gained mutation: You are robust (+10% HP). [Xom's grace]
  7512 | D:11     | Gained mutation: You regenerate. [Xom's grace]
  7515 | D:11     | XOM: vitrification
  7536 | D:11     | Noticed Josephine
  7545 | D:11     | XOM: god gift: 3 silver javelins
  7562 | D:11     | Killed flt's ghost
  7577 | D:11     | XOM: vitrification
  7592 | D:11     | Reached skill level 18 in Unarmed Combat
  7601 | D:11     | XOM: summons 2 friendly demons
  7651 | D:11     | XOM: summons friendly white imp
  7658 | D:11     | XOM: fog
  7760 | D:11     | XOM: summons 3 hostile shadow creatures
  7761 | D:11     | Noticed a hill giant
  7776 | D:11     | XOM: summons friendly crimson imp
  7783 | D:11     | XOM: silly message
  7832 | D:11     | XOM: harmless Divn miscast
  7883 | D:11     | Noticed a hill giant
  7888 | D:11     | Killed Josephine
  7891 | D:11     | Killed a hill giant
  7918 | D:11     | Reached XP level 12. HP: 112/114 MP: 11/11
  7931 | D:11     | Found Xourobig's Book Shoppe.
  7955 | D:11     | XOM: harmless Necr miscast
  8111 | D:11     | Found a staircase to the Lair.
  8256 | D:11     | Found Nainn's Food Shoppe.
  8307 | D:11     | Bought the +0 mask of the Dragon {MR+ Slay+3 SInv} for 467 gold pieces
  8445 | D:12     | XOM: enchant monster (bad)
  8457 | D:12     | Reached skill level 19 in Unarmed Combat
  8694 | D:12     | Found a staircase to the Orcish Mines.
  8726 | D:12     | XOM: harmless Necr miscast
  8768 | D:12     | XOM: potion effect (brilliance)
  8776 | D:12     | XOM: harmless Divn miscast
  8826 | D:12     | XOM: harmless Chrm miscast
  8991 | D:12     | XOM: 2-stop teleportation journey
  9044 | D:12     | XOM: mild Necr miscast
  9114 | D:12     | Noticed a six-headed hydra
  9117 | D:12     | XOM: polymorph troll -> eye of draining
  9129 | D:12     | XOM: destruction
  9384 | D:12     | Noticed a five-headed hydra
  9498 | D:11     | XOM: noise
  9513 | Lair:1   | Entered Level 1 of the Lair of Beasts
  9577 | Lair:1   | Found a labyrinth entrance.
  9586 | Lab      | Entered a labyrinth
  9677 | Lab      | XOM: 3-stop teleportation journey
  9780 | Lab      | XOM: 2-stop teleportation journey
  9906 | Lab      | Noticed a minotaur
  9917 | Lab      | Killed a minotaur
  9924 | Lab      | Identified Lee's Volume of Earth
  9932 | Lab      | Identified the Collected Works on the Unstable Arsonist
  9933 | Lab      | Got a silken robe
  9934 | Lab      | Identified the +4 robe of the Gate {rC- rCorr Dex+2} (You found it in a labyrinth)
 10041 | Lair:1   | XOM: 3-stop teleportation journey
 10194 | Lair:1   | XOM: silly message
 10227 | Lair:1   | Reached skill level 20 in Unarmed Combat
 10291 | Lair:1   | XOM: smoke on damage
 10304 | Lair:1   | XOM: summons friendly shadow imp
 10424 | Lair:1   | XOM: confuse monster(s)
 10526 | Lair:1   | Noticed a seven-headed hydra
 10724 | Lair:2   | Noticed a four-headed hydra
 10724 | Lair:2   | XOM: enchant monster (good)
 10739 | Lair:2   | Killed a nine-headed hydra
 10739 | Lair:2   | Reached skill level 1 in Armour
 10851 | Lair:2   | XOM: fog
 10863 | Lair:2   | XOM: medium Divn miscast
 10904 | Lair:2   | XOM: polymorph yak -> polar bear
 10911 | Lair:2   | XOM: polymorph polar bear -> golden eye
 10917 | Lair:2   | XOM: summons friendly white imp
 11145 | Lair:2   | XOM: summons friendly crimson imp
 11226 | Lair:2   | XOM: summons 1 hostile demon
 11251 | Lair:2   | Reached XP level 13. HP: 105/121 MP: 12/12
 11658 | Lair:3   | Got a twisted robe
 11659 | Lair:3   | Identified the cursed +1 robe "Zoikitu" {Str+4} (You found it on level 3 of the Lair of Beasts)
 11706 | Lair:3   | XOM: smoke on damage
 11714 | Lair:3   | XOM: confuse monster(s)
 11977 | Lair:3   | XOM: summons 6 hostile demons
 11988 | Lair:3   | XOM: god gift: meat ration
 12263 | Lair:3   | XOM: vitrification
 12436 | Lair:4   | XOM: god gift: scroll of amnesia
 12440 | Lair:4   | XOM: divine lightning
 12459 | Lair:4   | Reached skill level 5 in Dodging
 12640 | Lair:4   | XOM: 3-stop teleportation journey
 12819 | Lair:4   | XOM: confuse monster(s)
 12824 | Lair:4   | Reached skill level 5 in Armour
 13643 | Lair:5   | XOM: divination: detect items
 13743 | Lair:5   | Found a staircase to the Swamp.
 13760 | Lair:5   | Found a staircase to the Snake Pit.
 13854 | Lair:5   | XOM: god gift: 29 gold pieces
 14007 | Lair:5   | XOM: silly message
 14117 | Lair:5   | XOM: fake destruction
 14118 | Lair:5   | XOM: summons friendly crimson imp
 14319 | Lair:5   | XOM: enchant monster (good)
 14321 | Lair:5   | XOM: smoke on damage
 14333 | Lair:5   | Noticed Maud
 14344 | Lair:5   | XOM: enchant monster (good)
 14348 | Lair:5   | Killed Maud
 14446 | Lair:5   | XOM: divination: detect creatures
 14534 | Lair:5   | XOM: stat loss: -1 Int (8/8)
 14661 | Lair:5   | XOM: harmless Necr miscast
 14794 | Lair:6   | Got a smoking fire dragon armour
 14796 | Lair:6   | Identified the +5 fire dragon armour of Least Resistance {rF++ rC- rN+ rCorr Str+4 Dex-3} (You found it on level 6 of the Lair of Beasts)
 14848 | Lair:6   | XOM: god gift: 26 gold pieces
 15039 | Lair:6   | Found a blossoming altar of Fedhas.
 15672 | Lair:7   | Slain by a polar bear

Action                   |  1- 3 |  4- 6 |  7- 9 | 10-12 | 13-15 || total
-------------------------+-------+-------+-------+-------+-------++-------
Melee: Unarmed           |   107 |    76 |   156 |   761 |   370 ||  1470
Throw: Large rock        |       |       |     9 |    27 |       ||    36
 Abil: Evoke Flight      |       |       |     1 |       |       ||     1
Evoke: Wand              |       |       |     2 |    13 |    11 ||    26
  Use: Potion            |     5 |     3 |     2 |    13 |     4 ||    27
       Scroll            |     5 |     2 |       |    24 |     7 ||    38
 Stab: Invisible         |       |       |     3 |     4 |       ||     7
       Confused          |       |       |       |     1 |     3 ||     4
       Sleeping          |       |       |       |     1 |       ||     1
       Petrifying        |       |       |       |       |     1 ||     1
  Eat: Chunk             |    15 |    17 |    19 |    70 |    40 ||   161
       Bread ration      |       |       |       |     2 |       ||     2
